 Dungeon Crawl Stone Soup version 0.27-a0-906-g0a00ce863d (webtiles) character file.

Game seed: 9436278252712559564

837 kae the Cleaver (level 7, -1/91 (96) HPs)
             Began as a Hill Orc Fighter on Apr 6, 2021.
             Slain by a gnoll
             ... wielding a +0 club
              (6 damage)
             ... on level 4 of the Dungeon.
             The game lasted 00:03:39 (5894 turns).

kae the Cleaver (Hill Orc Fighter)                  Turns: 5894, Time: 00:03:39

HP:   -1/91 (96)    AC:  6    Str: 21    XL:     7   Next: 99%
MP:   7/7           EV:  9    Int:  8    God:
Gold: 1211          SH:  4    Dex: 10    Spells: 6/6 levels left

rFire    . . .     SeeInvis .   a - +0 war axe (flame)
rCold    . . .     Faith    .   j - +0 buckler
rNeg     . . .     Spirit   .   b - +0 scale mail
rPois    .         Reflect  .   (no helmet)
rElec    .         Harm     .   (no cloak)
rCorr    .         Rampage  .   (no gloves)
Will     .....                  (no boots)
Stlth    ..........             (no amulet)
HPRegen  0.25/turn              (no ring)
MPRegen  0.10/turn              (no ring)

@: berserking (expiring), lightly drained, very quick
A: no striking features
a: no special abilities


You were on level 4 of the Dungeon.
You visited 1 branch of the dungeon, and saw 4 of its levels.
You also visited: Sewer.

You collected 1211 gold pieces.

Inventory:

Hand Weapons
 a - a +0 war axe of flaming (weapon)
Missiles
 g - a throwing net (quivered)
Armour
 b - a +0 scale mail (worn)
 c - a +0 kite shield
 j - a +0 buckler (worn)
Jewellery
 l - a ring of resist corrosion
Scrolls
 e - a scroll of teleportation
 f - a scroll of brand weapon
 m - a scroll of immolation {unknown}
 p - 2 scrolls of identify
 r - a scroll of vulnerability {unknown}
 t - a scroll of fear {unknown}
Potions
 d - 2 potions of might
 i - 4 potions of degeneration {unknown}
 k - 4 potions of flight {unknown}
 n - 3 potions of invisibility {unknown}
 o - a potion of magic {unknown}
 q - a potion of curing {unknown}
 s - a potion of resistance {unknown}
 u - a potion of brilliance {unknown}


   Skills:
 + Level 6.8 Fighting
 * Level 9.4 Axes
 - Level 3.2 Armour
 - Level 4.0 Shields


You had 6 spell levels left.
You didn't know any spells.
Your spell library was empty.

Dungeon Overview and Level Annotations

Branches:
Dungeon (4/15)              Sewer (visited)
 Temple: D:4-7

Altars:

Annotations:
D:4 Pikel


Message History

* * * LOW HITPOINT WARNING * * *
A gnoll comes into view. It is wielding a +0 club.
Things that are here:
a +0 flail; a gnoll corpse You see here a hobgoblin corpse.
There is an open door here.
The goblin hits you with a +0 dagger.
* * * LOW HITPOINT WARNING * * *
The gnoll hits you with a +0 whip.
* * * LOW HITPOINT WARNING * * *
The goblin hits you with a +0 dagger.
* * * LOW HITPOINT WARNING * * *
There is an open door here.
There is an open door here.
It was a potion of berserk rage.
A red film seems to cover your vision as you go berserk!
You feel yourself moving faster!
You feel mighty! The goblin hits you with a +0 club.
* * * LOW HITPOINT WARNING * * *
You slash the goblin! You burn the goblin.
You kill the goblin!
You hit the kobold. You burn the kobold.
You kill the kobold!
You closely miss the goblin. You hit the goblin. You burn the goblin.
You kill the goblin!
You barely miss the gnoll. You hit the gnoll. You burn the gnoll.
The gnoll is heavily wounded.
The gnoll hits you with a +0 whip.
* * * LOW HITPOINT WARNING * * *
You closely miss the gnoll.
The gnoll is heavily wounded.
The gnoll closely misses you.
You slice the gnoll!! You burn the gnoll.
You kill the gnoll!
You barely miss the gnoll. The gnoll hits you but does no damage.
You barely miss the gnoll. You barely miss the gnoll.
The gnoll hits you with a +0 club.
You die...

.# ####..#'###..# #.)## .+
#..#..#...# #.## .# #..#..#...#
#.# .###### ##.#'##...# #.#
..#...# '...#....# #.# ..#...#
#...#....# ###
#.##)#####.#####..#
K....g)))†.'...#..#
#....##'#g.#...#@##
######))##'#####g#
..'.)#..#.gK..#..# ###
..#.)'..#.....#..# #.###
..#'#####.....'..# #....
###.....#######..# ##....
.................# ###....#
......(..........#########...####
####......#####...†)........##


You could see a gnoll.

Vanquished Creatures
  Grinder (D:3)
  An ogre (D:4)
  4 lemures (D:4)
  2 scorpions
  3 wights (D:4)
  An iguana (D:4)
  6 gnolls (D:4)
  6 adders
  9 worms
  A dart slug (D:1)
  11 orcs
  11 ball pythons
  15 bats
  8 endoplasms
  7 giant cockroaches
  9 goblins
  17 hobgoblins
  8 jackals
  6 quokkas
  6 frilled lizards
  12 kobolds
  8 rats
152 creatures vanquished.

Vanquished Creatures (others)
  2 plants (D:4)
2 creatures vanquished.

Grand Total: 154 creatures vanquished

Notes
Turn   | Place    | Note
-------+----------+-------------------------------------------
     0 | D:1      | kae the Hill Orc Fighter began the quest for the Orb.
     0 | D:1      | Reached XP level 1. HP: 19/19 MP: 1/1
    51 | D:1      | Reached skill level 3 in Axes
    83 | D:1      | Reached XP level 2. HP: 23/27 MP: 2/2
   306 | D:1      | Reached skill level 4 in Axes
   447 | D:1      | Reached XP level 3. HP: 27/33 MP: 3/3
  1663 | D:2      | Reached skill level 5 in Axes
  1663 | D:2      | Reached XP level 4. HP: 34/41 MP: 4/4
  1776 | D:2      | Found a faded altar of an unknown god.
  2060 | D:3      | Identified a scroll of acquirement
  2060 | D:3      | Acquired 961 gold pieces
  2132 | D:3      | Found a glowing drain.
  2149 | Sewer    | Entered a sewer
  2605 | Sewer    | Reached XP level 5. HP: 19/47 MP: 5/5
  2907 | D:3      | Noticed Grinder
  3474 | D:3      | Killed Grinder
  3475 | D:3      | Reached skill level 5 in Fighting
  3475 | D:3      | Reached skill level 7 in Axes
  3475 | D:3      | Reached XP level 6. HP: 29/56 MP: 6/6
  4143 | D:4      | Reached XP level 7. HP: 53/62 MP: 7/7
  4500 | D:4      | Reached skill level 8 in Axes
  5317 | D:4      | Noticed Pikel
  5354 | D:4      | Reached skill level 9 in Axes
  5889 | D:4      | HP: 4/91 [gnoll/+0 whip (4)]
  5894 | D:4      | Slain by a gnoll

Illustrated notes

Levels and vault maps discovered:
D:1:      erik_arrival_orb_chamber, layout_loops_ring, minmay_misc_feat_tiny,
          eino_curves_01, minmay_tetromino_s4
D:2:      layout_basic, basic_ecumenical_altar
D:3:      minmay_diamond_boxcup, layout_basic, portal_sewer_entry_c,
          kennysheep_nondescript, uniq_grinder
D:4:      corexii_shantytown, layout_layer_cave, uniq_pikel

Skill      XL: |  1  2  3  4  5  6  7 |
---------------+----------------------+-----
Axes           | 3 4 5 7 9 |  9.4
Fighting       | 4 5 6 |  6.8
Shields        | 4 |  4.0
Armour         | |  3.2

Action                   |  1- 3 |  4- 6 |  7- 9 || total
-------------------------+-------+-------+-------++-------
Melee: War axe           |   129 |   172 |   126 ||   427
  Use: Scroll            |       |     8 |     2 ||    10
       Potion            |       |       |     2 ||     2
Armor: Scale mail        |    64 |    64 |    24 ||   152
Dodge: Dodged            |    63 |    63 |    44 ||   170
Block: Kite shield       |    87 |    63 |       ||   150
       Buckler           |       |    22 |    22 ||    44

Table legend: (Time is in decaauts)
 A = Elapsed time spent in this place.
 B = Non-inter-level travel time spent in this place.
 C = Inter-level travel time spent in this place.
 D = Time resting spent in this place.
 E = Time spent auto-exploring this place.
 F = Levels seen in this place.
 G = Mean time per level.
                   A        B        C        D        E       F      G
               +--------+--------+--------+--------+--------+-----+--------+
         Total |   6145 |   6033 |    112 |   1367 |   3628 |   5 | 1229.0 |
       Dungeon |   5329 |   5217 |    112 |   1179 |   3166 |   4 | 1332.2 |
         Sewer |    816 |    816 |      0 |    188 |    462 |   1 |  816.0 |
               +--------+--------+--------+--------+--------+-----+--------+

Top non-repeatable levels by time:
     D:4: 1823 daAuts
     D:2: 1389 daAuts
     D:3: 1227 daAuts
     D:1: 888 daAuts
   Sewer: 816 daAuts
